Map: Crête de Lerilak

Players

Bluezealon

  • Race: Protoss Protoss
  • League: Diamond

Worming - Winner!

  • Race: Zerg Zerg
  • League: Diamond

VOD

Have the link to the VOD?

Description

Time

  • Played on: Nov. 14, 2015, 2:31 p.m.
  • Length: 10:07
Show
View Real Time Build Order
Export as new Build Order

Bluezealon Protoss 

Build Orders: Nexus First 

Get SALT Encoding   

  12  0:01  Probe (Chrono Boost)  
  13  0:15  Pylon  
  13  0:17  Probe (Chrono Boost)  
  14  0:28  Probe (Chrono Boost)  
  15  0:38  Probe (Chrono Boost)  
  16  0:49  Probe (Chrono Boost)  
  17  1:00  Probe (Chrono Boost)  
  18  1:04  Nexus  
  18  1:15  Gateway  
  18  1:17  Probe (Chrono Boost)  
  19  1:28  Probe (Chrono Boost)  
  19  1:29  Assimilator  
  20  1:35  Pylon  
  20  1:38  Probe (Chrono Boost)  
  21  1:42  Assimilator  
  21  1:49  Probe (Chrono Boost)  
  22  1:59  Probe (Chrono Boost)  
  23  2:04  Cybernetics Core  
  23  2:10  Probe (Chrono Boost), Pylon  
  24  2:17  Probe (Chrono Boost)  
  24  2:21  Probe (Chrono Boost)  
  26  2:27  Probe (Chrono Boost)  
  27  2:31  Probe (Chrono Boost)  
  28  2:41  Warp Gate (Chrono Boost)  
  28  2:42  Mothership Core (Chrono Boost)  
  28  2:43  Adept  
  32  2:55  Probe (Chrono Boost)  
  32  3:00  Probe (Chrono Boost)  
  32  3:17  Adept  
  32  3:19  Probe x2 (Chrono Boost)  
  36  3:22  Gateway  
  36  3:23  Pylon  
  36  3:29  Gateway, Probe x2 (Chrono Boost)  
  38  3:37  Robotics Facility  
  38  3:40  Probe  
  38  3:42  Probe  
  38  3:46  Adept  
  42  3:51  Probe  
  42  3:54  Probe  
  44  3:59  Pylon  
  44  4:01  Probe, Assimilator  
  44  4:06  Probe  
  46  4:12  Probe  
  47  4:28  Probe  
  47  4:30  Probe  
  49  4:34  Assimilator  
  49  4:37  Observer  
  50  4:39  Probe  
  50  4:42  Probe, Adept x3  
  56  5:02  Probe  
  56  5:03  Probe  
  56  5:04  Adept x3  
  62  5:12  Probe, Observer  
  64  5:15  Probe  
  64  5:17  Twilight Council  
  64  5:18  Pylon  
  64  5:20  Forge  
  65  5:23  Probe  
  65  5:27  Probe  
  67  5:31  Stalker  
  69  5:37  Pylon x2  
  69  5:38  Pylon  
  69  5:44  Nexus  
  69  5:46  Stalker  
  69  5:47  Probe, Stalker  
  69  5:48  Probe  
  75  5:57  Protoss Ground Weapons Level 1  
  75  6:00  Resonating Glaives  
  75  6:01  Warp Prism  
  77  6:05  Stalker  
  77  6:06  Probe  
  80  6:11  Pylon  
  80  6:14  Pylon  
  80  6:17  Pylon  
  80  6:19  Gateway  
  80  6:21  Gateway  
  80  6:26  Pylon  
  80  6:29  Adept  
  80  6:30  Adept x2  
  80  7:00  Stalker x3  
  84  7:09  Immortal  
  84  7:15  Robotics Bay  
  88  7:16  Probe  
  88  7:17  Probe, Robotics Facility  
  88  7:18  Probe  
  88  7:19  Pylon  
  88  7:21  Pylon  
  91  7:24  Stalker  
  91  7:25  Stalker x2  
  91  7:27  Probe x2  
  99  7:30  Probe  
  100  7:46  Stalker x2  
  104  7:53  Stalker x2  
  104  7:54  Stalker  
  102  8:10  Stalker x2  
  78  8:20  Stalker  
  78  8:21  Stalker x2  
  78  8:35  Observer  
  78  8:37  Disruptor  
  82  8:44  Stalker x2  
  82  8:45  Adept  
  88  8:56  Adept x2  
  91  9:08  Stalker x2  
  91  9:09  Stalker  
  97  9:16  Photon Cannon  
  97  9:17  Photon Cannon  
  97  9:19  Photon Cannon  
  97  9:20  Disruptor  
  97  9:23  Assimilator  
  100  9:27  Assimilator  
  100  9:37  Adept  
  100  9:38  Adept x4  
  72  9:58  Adept  
  72  9:59  Adept x4  
Show
View Real Time Build Order
Export as new Build Order

Worming Zerg - Winner!

Build Orders: Hatch First, Lurkers 

Get SALT Encoding   

  12  0:01  Drone  
  13  0:13  Overlord  
  13  0:17  Drone  
  14  0:33  Drone x2  
  16  0:52  Drone  
  16  0:53  Hatchery  
  16  0:55  Drone  
  17  1:10  Spawning Pool  
  16  1:12  Drone  
  16  1:17  Drone  
  18  1:23  Drone  
  19  1:29  Drone  
  21  1:40  Drone  
  21  1:51  Overlord  
  21  2:04  Queen  
  21  2:06  Queen  
  21  2:07  Zergling x4  
  27  2:21  Drone  
  28  2:24  Drone  
  28  2:26  Drone  
  28  2:29  Drone  
  31  2:32  Hatchery  
  31  2:36  Overlord  
  30  2:38  Drone  
  31  2:54  Drone, Overlord  
  32  3:13  Drone x7  
  32  3:16  Extractor x2  
  36  3:20  Queen, Drone x4  
  41  3:29  Overlord  
  41  3:46  Drone x7  
  48  3:50  Zergling x6, Extractor  
  50  4:05  Drone x3  
  50  4:06  Drone x2  
  50  4:07  Overlord  
  55  4:14  Metabolic Boost  
  55  4:16  Lair  
  55  4:20  Drone  
  55  4:21  Evolution Chamber  
  55  4:25  Drone x2  
  55  4:26  Roach Warren  
  55  4:27  Extractor  
  55  4:28  Drone x3  
  55  4:29  Drone x3  
  61  4:32  Drone  
  59  4:57  Drone x11  
  59  4:58  Drone  
  67  5:06  Drone  
  66  5:11  Zerg Missile Weapons Level 1  
  66  5:13  Drone x6  
  72  5:18  Glial Reconstitution  
  72  5:22  Hydralisk Den  
  72  5:27  Pneumatized Carapace  
  72  5:28  Overlord x2  
  71  5:36  Queen  
  71  5:38  Overlord  
  71  5:39  Overlord x4  
  72  5:46  Queen  
  72  5:49  Roach  
  86  5:50  Roach x5  
  86  5:51  Roach  
  86  5:53  Lurker Den  
  88  5:59  Spine Crawler  
  87  6:09  Roach  
  87  6:10  Roach x7  
  103  6:19  Overlord  
  103  6:26  Overlord  
  103  6:27  Hydralisk x5  
  103  6:28  Zergling x2  
  114  6:36  Extractor  
  114  6:37  Drone x3, Extractor  
  109  6:58  Hatchery  
  109  7:00  Roach x9  
  126  7:10  Drone x3  
  126  7:11  Drone  
  126  7:13  Zerg Missile Weapons Level 2  
  130  7:17  Ravager  
  130  7:19  Ravager  
  130  7:20  Ravager  
  133  7:27  Spore Crawler  
  133  7:29  Overlord x3  
  132  7:33  Overlord  
  132  7:36  Lurker x3  
  132  7:37  Lurker  
  135  7:48  Roach x2  
  139  7:55  Overseer  
  90  8:28  Roach, Hydralisk x2  
  90  8:29  Roach x3, Hydralisk x5  
  90  8:30  Roach x5, Hydralisk x2  
  90  8:31  Zergling x2  
  124  9:04  Evolution Chamber  
  124  9:05  Drone x4  
  124  9:06  Infestation Pit  
  124  9:07  Extractor  
  124  9:08  Lurker x2  
  124  9:09  Hydralisk x2  
  129  9:10  Zergling x6  
  129  9:11  Zergling x2, Spine Crawler  
  129  9:12  Extractor, Spine Crawler  
  129  9:13  Zergling x2  
  133  9:22  Spire  
  116  9:50  Zergling x2  
Tags
 
Add a new tag
Caveats
  • Supply blocks, unpowered buildings, or Contaminate may cause inaccurate times.
  • Supply counts are checked every 10 seconds.